 Dungeon Crawl Stone Soup version 0.29.1 (webtiles) character file.

Game seed: 2910517613473450531

8292 qw the Severer (level 11, -8/141 HPs)
             Began as a Minotaur Berserker on Sept 13, 2022.
             Was an Elder of Trog.
             Succumbed to Sonja's poison
             ... on level 11 of the Dungeon.
             The game lasted 00:03:15 (12572 turns).

qw the Severer (Minotaur Berserker)                Turns: 12572, Time: 00:03:16

Health: -8/141     AC: 24    Str: 27    XL:     11   Next: 8%
Magic:  10/10      EV:  6    Int:  4    God:    Trog [****..]
Gold:   653        SH: 10    Dex:  9    Spells: 10/10 levels left

rFire   . . .      SeeInvis +   Y - +2 war axe (vorpal)
rCold   . . .      Faith    .   e - +0 kite shield
rNeg    . . .      Spirit   .   n - +3 plate armour
rPois   .          Reflect  .   (helmet restricted)
rElec   .          Harm     .   i - +2 cloak
rCorr   .          Rampage  +   (no gloves)
Will    +....                   k - +4 pair of boots of Gekov {Rampage Stlth+}
Stlth   ..........              d - amulet of the acrobat
HPRegen 0.33/turn               f - ring of see invisible
MPRegen 0.12/turn               s - ring of willpower

@: berserking, lethally poisoned (-8 -> -74), very quick
A: horns 2, retaliatory headbutt
a: Renounce Religion, Berserk, Trog's Hand, Brothers in Arms


You were on level 11 of the Dungeon.
You worshipped Trog.
Trog was greatly pleased with you.
You visited 1 branch of the dungeon, and saw 11 of its levels.

You collected 689 gold pieces.
You spent 36 gold pieces at shops.


Innate Abilities, Weirdness & Mutations

You have a pair of horns on your head.
You reflexively headbutt those who attack you in melee.


   Skills:
 + Level 8.0 Fighting
 - Level 15.1 Axes
 - Level 0.1 Throwing
 - Level 7.0 Armour
 - Level 2.1 Dodging
 - Level 10.2 Shields


You had 10 spell levels left.
You didn't know any spells.
Your spell library was empty.

Inventory:

Hand Weapons
 c - a +0 morningstar
 Y - a +2 vorpal war axe (weapon)
Armour
 e - a +0 kite shield (worn)
 i - a +2 cloak (worn)
 k - the +4 pair of boots of Gekov (worn) {Rampage Stlth+}
   (You acquired it on level 8 of the Dungeon)

   Rampage:   It bestows one free step when moving towards enemies.
   Stlth:     It makes you more stealthy.
 n - a +3 plate armour (worn)
Jewellery
 d - an amulet of the acrobat (around neck)
 f - a ring of see invisible (left hand)
 s - a ring of willpower (right hand)
Scrolls
 h - a scroll of identify
 p - 5 scrolls of teleportation
 q - a scroll of fear {unknown}
Potions
 a - 4 potions of cancellation
 b - a potion of haste
 g - a potion of magic {unknown}
 j - 7 potions of curing
 l - a potion of experience {unknown}
 m - 2 potions of might
 o - a potion of resistance {unknown}
 r - 2 potions of attraction {unknown}

Dungeon Overview and Level Annotations

Branches:
Dungeon (11/15)            Temple (0/1) D:7            Lair (0/5) D:11
    Orc (0/2) D:9

Altars:
Ashenzari
Cheibriados
Dithmenos
Elyvilon
Hepliaklqana
Kikubaaqudgha
Makhleb
Okawaru
Qazlal
Sif Muna
Trog
Uskayaw
Wu Jian
Xom
Zin
The Shining One

Shops:
D:2 *   D:9 (

Annotations:
D:4 2 transporters, qw's ghost, amateur GrFi
D:7 1 runed translucent door, qw's ghost, novice MiBe
D:11 Sonja


Message History

You headbutt Sonja! Sonja hits you but does no damage.
You are more poisoned.
Sonja hits you but does no damage.
The kobold demonologist looks braver for a moment.
You hit Sonja.
Sonja is heavily wounded.
You feel extremely sick. Sonja hits you but does no damage.
You are lethally poisoned!
You block Sonja's attack. Sonja hits you but does no damage.
You are more poisoned.
You barely miss Sonja. Your headbutt misses Sonja.
Sonja is heavily wounded.
You feel extremely sick.
You barely miss Sonja.
Sonja is heavily wounded.
You feel extremely sick. Sonja hits you but does no damage.
You are more poisoned.
Sonja hits you with a +1 dagger of venom.
You are more poisoned.
You block Sonja's attack.
You miss Sonja.
Sonja is heavily wounded.
You feel extremely sick.
You block Sonja's attack. x2; Sonja hits you but does no damage.
You miss Sonja. Your headbutt misses Sonja.
Sonja is heavily wounded.
You feel extremely sick. Sonja hits you but does no damage.
You are more poisoned.
Sonja hits you but does no damage. x2
You are more poisoned.
The kobold demonologist casts a cantrip, but nothing happens.
You miss Sonja. Your headbutt misses Sonja.
Sonja is heavily wounded.
You feel extremely sick.
You slash Sonja! Your headbutt misses Sonja.
Sonja is severely wounded.
You die...

#. ## ####+## ###
#>....# .... #.....#
..<.. # #.....#
#####KK.... #
#.....####.@KKKK....
+
#.....'....###K.....
# #.....###### .....
# #.....# .... #
#.....# ... #
#.....# #+ # ###'###
####..# ##.....#


You could see a kobold demonologist, Sonja, 2 kobold brigands and 3 kobolds.

Vanquished Creatures
  Harold (D:9)
  A centaur warrior (D:9)
  An ugly thing (D:11)
  A cyclops (D:9)
  2 unseen horrors
  A kobold demonologist (D:11)
  A komodo dragon (D:11)
  Maggie (D:7)
  3 trolls
  A slime creature (D:9)
  A wraith (D:10)
  2 vampires
  Eustachio (D:5)
  2 steam dragons (D:8)
  Menkaure (D:5)
  An acid dragon (D:9)
  Duvessa (D:5)
  3 water moccasins
  3 ice beasts
  2 orc warriors
  2 black bears (D:6)
  4 centaurs
  2 bullfrogs (D:8)
  A kobold brigand (D:6)
  3 scorpions (D:4)
  2 necrophages
  A gnoll sergeant (D:7)
  Dowan (D:5)
  3 howler monkeys
  3 hounds (D:5)
  A gnoll bouda (D:6)
  7 orc priests
  6 iguanas
  Natasha (thrice) (D:2)
  8 orc wizards
  A mummy (D:10)
  10 gnolls
  8 adders
  A shadow imp (D:4)
  2 dart slugs
  26 orcs
  8 endoplasms
  4 giant cockroaches (D:3)
  6 hobgoblins
  17 kobolds
  5 quokkas
  4 ball pythons
  4 bats
  3 frilled lizards
  2 goblins (D:1)
  6 rats
184 creatures vanquished.

Vanquished Creatures (others)
  11 plants
11 creatures vanquished.

Grand Total: 195 creatures vanquished

Notes
Turn   | Place    | Note
-------+----------+-------------------------------------------
     0 | D:1      | qw the Minotaur Berserker began the quest for the Orb.
     0 | D:1      | Reached XP level 1. HP: 19/19 MP: 0/0
     0 | D:1      | 0 ||| qw: Version: 0.1-a-119-g272c26d
     0 | D:1      | 0 ||| qw: Game counter: 11241
     0 | D:1      | 0 ||| qw: Always use a shield: true
     0 | D:1      | 0 ||| qw: Do Orc after D:15 true
     0 | D:1      | 0 ||| qw: Do second Lair branch before Depths: true
     0 | D:1      | 0 ||| qw: Lair rune preference: random
     0 | D:1      | 0 ||| qw: Plans: Normal
     0 | D:1      | 0 ||| PLANNING D:1-11
    92 | D:1      | Reached skill level 4 in Axes
   134 | D:1      | 134 ||| Stepping ~*~*~tactically~*~*~ (stealth).
   148 | D:1      | 148 ||| Stepping ~*~*~tactically~*~*~ (stealth).
   168 | D:1      | 168 ||| Stepping ~*~*~tactically~*~*~ (stealth).
   174 | D:1      | Reached XP level 2. HP: 26/26 MP: 1/1
   177 | D:1      | 177 ||| Stepping ~*~*~tactically~*~*~ (hiding).
   279 | D:1      | 279 ||| Stepping ~*~*~tactically~*~*~ (hiding).
   381 | D:1      | 381 ||| Stepping ~*~*~tactically~*~*~ (hiding).
  1137 | D:1      | 1137 ||| UPGRADING to +0 ring mail.
  1147 | D:1      | 1147 ||| DROPPING +0 animal skin.
  1224 | D:2      | Reached ** piety under Trog
  1282 | D:2      | 1282 ||| FLEEEEING.
  1283 | D:2      | 1283 ||| FLEEEEING.
  1284 | D:2      | 1284 ||| FLEEEEING.
  1285 | D:2      | 1285 ||| FLEEEEING.
  1330 | D:2      | 1330 ||| SWAPPING to +0 war axe.
  1333 | D:2      | 1333 ||| DROPPING +0 hand axe.
  1357 | D:2      | Reached skill level 5 in Axes
  1397 | D:2      | Noticed Natasha
  1400 | D:2      | 1400 ||| INVOKING Berserk.
  1402 | D:2      | Killed Natasha
  1403 | D:2      | Reached XP level 3. HP: 31/31 MP: 2/2
  1582 | D:2      | Found a glowing golden altar of the Shining One.
  1629 | D:2      | Found Cogehy's Assorted Antiques.
  1656 | D:2      | 1656 ||| BUYING bubbling red potion (18 gold).
  1656 | D:2      | Bought a bubbling red potion for 18 gold pieces
  1656 | D:2      | 1656 ||| SHOPLISTING dented fluorescent amulet (105 gold,
                  | have 30).
  1656 | D:2      | 1656 ||| BUYING purple potion (18 gold).
  1656 | D:2      | Bought a purple potion for 18 gold pieces
  1656 | D:2      | 1656 ||| SHOPLISTING runed hand axe (126 gold, have 12).
  1660 | D:2      | Noticed Natasha
  1661 | D:2      | 1661 ||| Stepping ~*~*~tactically~*~*~ (stealth).
  1665 | D:2      | 1665 ||| INVOKING Berserk.
  1667 | D:2      | Killed Natasha
  1668 | D:2      | Reached skill level 6 in Axes
  1668 | D:2      | Reached XP level 4. HP: 39/39 MP: 3/3
  1749 | D:2      | Noticed Natasha
  1752 | D:2      | 1752 ||| INVOKING Berserk.
  1758 | D:2      | Killed Natasha
  2164 | D:2      | 2164 ||| INVOKING Berserk.
  2482 | D:2      | 2482 ||| UPGRADING to +0 chain mail.
  2492 | D:2      | 2492 ||| DROPPING +0 ring mail.
  2493 | D:2      | 2493 ||| READING scroll labelled LAODA RIHABRYSCH.
  2494 | D:2      | 2494 ||| READING scroll labelled OSAURU QEMPUWA.
  2495 | D:2      | 2495 ||| READING scroll labelled BUARCHA WEYDOR.
  2496 | D:2      | 2496 ||| READING scroll labelled BUG JU NOI.
  2497 | D:2      | 2497 ||| DRINKING 2 bubbling red potions.
  2534 | D:2      | 2534 ||| DRINKING 2 bubbling emerald potions.
  2535 | D:2      | 2535 ||| DROPPING potion of lignification.
  2574 | D:3      | 2574 ||| INVOKING Berserk.
  2579 | D:3      | Reached skill level 7 in Axes
  2579 | D:3      | Reached XP level 5. HP: 45/45 MP: 4/4
  2685 | D:3      | 2685 ||| DROPPING +0 club.
  2761 | D:3      | 2761 ||| INVOKING Berserk.
  2867 | D:3      | 2867 ||| DROPPING +0 whip.
  2941 | D:3      | Found an ancient bone altar of Kikubaaqudgha.
  2955 | D:3      | 2955 ||| Stepping ~*~*~tactically~*~*~ (stealth).
  2957 | D:3      | 2957 ||| Stepping ~*~*~tactically~*~*~ (hiding).
  3242 | D:3      | Found a burning altar of Makhleb.
  3631 | D:3      | 3631 ||| DROPPING orb of light.
  3632 | D:3      | 3632 ||| READING scroll labelled PYWABEA ZUPN.
  3633 | D:3      | 3633 ||| READING scroll labelled TOROLE VALIESH.
  3634 | D:3      | 3634 ||| READING scroll labelled ONGOUG RIWAOK.
  3635 | D:3      | 3635 ||| DRINKING 2 purple potions.
  3636 | D:3      | 3636 ||| Stepping randomly (stuck).
  3637 | D:3      | 3637 ||| Stepping ~*~*~tactically~*~*~ (cloud).
  3833 | D:4      | Found an ornate altar of the Wu Jian Council.
  3834 | D:4      | Found an iron altar of Okawaru.
  3834 | D:4      | Found a shimmering blue altar of Sif Muna.
  3835 | D:4      | Found a broken altar of Ashenzari.
  3888 | D:4      | 3888 ||| Stepping ~*~*~tactically~*~*~ (hiding).
  3942 | D:4      | Reached XP level 6. HP: 26/52 MP: 5/5
  4241 | D:4      | Reached skill level 8 in Axes
  4248 | D:4      | Found a transporter.
  4280 | D:4      | Found a transporter.
  4291 | D:4      | Noticed qw's ghost (amateur GrFi)
  4664 | D:4      | 4664 ||| UPGRADING to +2 cloak.
  4669 | D:4      | 4669 ||| UPGRADING to ring of see invisible.
  4670 | D:4      | 4670 ||| DRINKING 2 orange potions.
  4671 | D:4      | 4671 ||| DROPPING potion of brilliance.
  4712 | D:5      | Entered Level 5 of the Dungeon
  4716 | D:5      | Noticed Dowan
  4717 | D:5      | Noticed Duvessa
  4720 | D:5      | Noticed an ice beast
  4721 | D:5      | 4721 ||| INVOKING Berserk.
  4721 | D:5      | Noticed Menkaure
  4728 | D:5      | Killed Duvessa
  4729 | D:5      | Reached skill level 9 in Axes
  4729 | D:5      | Reached XP level 7. HP: 59/59 MP: 6/6
  4730 | D:5      | Killed Dowan
  4731 | D:5      | Reached skill level 3 in Armour
  4733 | D:5      | Killed Menkaure
  4737 | D:5      | Reached skill level 10 in Axes
  4938 | D:5      | Noticed Eustachio
  4942 | D:5      | Reached skill level 6 in Fighting
  4944 | D:5      | 4944 ||| INVOKING Berserk.
  4954 | D:5      | Killed Eustachio
  4955 | D:5      | Reached XP level 8. HP: 70/70 MP: 7/7
  5159 | D:5      | 5159 ||| Stepping ~*~*~tactically~*~*~ (stealth).
  5162 | D:5      | 5162 ||| Stepping ~*~*~tactically~*~*~ (stealth).
  5168 | D:5      | Reached *** piety under Trog
  5175 | D:5      | Reached skill level 11 in Axes
  5248 | D:5      | Found a stormy altar of Qazlal.
  5465 | D:5      | 5465 ||| READING scroll labelled XEVO YCEGICLA.
  5466 | D:5      | 5466 ||| READING scroll labelled METTA FARPHU.
  5467 | D:5      | 5467 ||| DRINKING 2 dark potions.
  5468 | D:5      | 5468 ||| READING 2 scrolls of identify.
  5468 | D:5      | 5468 ||| IDENTIFYING amethyst potion
  5469 | D:5      | 5469 ||| DROPPING potion of flight.
  5535 | D:6      | 5535 ||| INVOKING Berserk.
  5664 | D:6      | 5664 ||| Stepping ~*~*~tactically~*~*~ (stealth).
  5665 | D:6      | 5665 ||| Stepping ~*~*~tactically~*~*~ (stealth).
  5704 | D:6      | Found a bloodstained altar of Trog.
  5706 | D:6      | 5706 ||| Stepping ~*~*~tactically~*~*~ (stealth).
  5992 | D:6      | 5992 ||| Stepping ~*~*~tactically~*~*~ (hiding).
  5993 | D:6      | 5993 ||| Stepping ~*~*~tactically~*~*~ (hiding).
  5999 | D:6      | 5999 ||| INVOKING Berserk.
  6002 | D:6      | Reached skill level 12 in Axes
  6219 | D:6      | 6219 ||| Stepping ~*~*~tactically~*~*~ (stealth).
  6270 | D:6      | 6270 ||| INVOKING Berserk.
  6397 | D:6      | 6397 ||| Stepping ~*~*~tactically~*~*~ (stealth).
  6405 | D:6      | 6405 ||| Stepping ~*~*~tactically~*~*~ (stealth).
  6414 | D:6      | 6414 ||| FLEEEEING.
  6415 | D:6      | 6415 ||| FLEEEEING.
  6416 | D:6      | 6416 ||| FLEEEEING.
  6417 | D:6      | 6417 ||| FLEEEEING.
  6418 | D:6      | 6418 ||| FLEEEEING.
  6419 | D:6      | 6419 ||| FLEEEEING.
  6420 | D:6      | 6420 ||| FLEEEEING.
  6421 | D:6      | 6421 ||| FLEEEEING.
  6422 | D:6      | 6422 ||| FLEEEEING.
  6423 | D:6      | 6423 ||| FLEEEEING.
  6424 | D:6      | 6424 ||| FLEEEEING.
  6425 | D:6      | 6425 ||| FLEEEEING.
  6478 | D:6      | Found a white marble altar of Elyvilon.
  6478 | D:6      | Found a glowing silver altar of Zin.
  6478 | D:6      | Found a glowing golden altar of the Shining One.
  6632 | D:6      | 6632 ||| INVOKING Berserk.
  6638 | D:6      | Reached XP level 9. HP: 79/79 MP: 8/8
  6903 | D:6      | Identified the +1 robe "Wycvuuc" {rElec Stlth+}
  6969 | D:6      | 6969 ||| UPGRADING to +0 kite shield.
  6974 | D:6      | 6974 ||| UPGRADING to +0 pair of boots.
  6979 | D:6      | 6979 ||| READING 2 scrolls of identify.
  6979 | D:6      | 6979 ||| IDENTIFYING smoky pink potion
  6980 | D:6      | 6980 ||| DROPPING potion of ambrosia.
  7037 | D:7      | 7037 ||| STAIRDANCE
  7089 | D:7      | Reached skill level 1 in Shields
  7095 | D:7      | 7095 ||| Stepping ~*~*~tactically~*~*~ (hiding).
  7098 | D:7      | 7098 ||| Stepping ~*~*~tactically~*~*~ (hiding).
  7112 | D:7      | 7112 ||| Stepping ~*~*~tactically~*~*~ (stealth).
  7131 | D:7      | 7131 ||| Stepping ~*~*~tactically~*~*~ (hiding).
  7135 | D:7      | 7135 ||| INVOKING Berserk.
  7140 | D:7      | Reached skill level 3 in Shields
  7274 | D:7      | Found a staircase to the Ecumenical Temple.
  7437 | D:7      | 7437 ||| Stepping ~*~*~tactically~*~*~ (hiding).
  7438 | D:7      | 7438 ||| Stepping ~*~*~tactically~*~*~ (hiding).
  7446 | D:7      | 7446 ||| INVOKING Berserk.
  7456 | D:7      | HP: 15/79 [orc warrior/+0 halberd (8)]
  7457 | D:7      | 7457 ||| DRINKING potion of heal wounds.
  7713 | D:7      | Found a runed translucent door.
  7714 | D:7      | Noticed qw's ghost (novice MiBe)
  7761 | D:7      | Noticed Maggie
  7761 | D:7      | Paralysed by Maggie for 2 turns
  7763 | D:7      | 7763 ||| Stepping ~*~*~tactically~*~*~ (hiding).
  7781 | D:7      | Killed Maggie
  7782 | D:7      | Reached skill level 6 in Shields
  8089 | D:7      | 8089 ||| UPGRADING to +0 plate armour.
  8099 | D:7      | 8099 ||| DROPPING +0 chain mail.
  8100 | D:7      | 8100 ||| READING scroll labelled ODWUKU ALACES.
  8101 | D:7      | 8101 ||| READING 4 scrolls labelled HYBIYTOCHO.
  8148 | D:8      | 8148 ||| INVOKING Berserk.
  8154 | D:8      | 8154 ||| STAIRDANCE
  8281 | D:8      | 8281 ||| Stepping ~*~*~tactically~*~*~ (stealth).
  8283 | D:8      | 8283 ||| INVOKING Berserk.
  8431 | D:8      | Found a shimmering altar of Xom.
  8432 | D:8      | Found a shimmering altar of Xom.
  8433 | D:8      | Found a shimmering altar of Xom.
  8586 | D:8      | 8586 ||| FLEEEEING.
  8587 | D:8      | 8587 ||| FLEEEEING.
  8588 | D:8      | 8588 ||| FLEEEEING.
  8589 | D:8      | 8589 ||| FLEEEEING.
  8590 | D:8      | 8590 ||| FLEEEEING.
  8591 | D:8      | 8591 ||| FLEEEEING.
  8592 | D:8      | 8592 ||| FLEEEEING.
  8593 | D:8      | 8593 ||| FLEEEEING.
  8594 | D:8      | 8594 ||| FLEEEEING.
  8596 | D:8      | 8596 ||| FLEEEEING.
  8597 | D:8      | 8597 ||| FLEEEEING.
  8598 | D:8      | 8598 ||| FLEEEEING.
  8599 | D:8      | 8599 ||| FLEEEEING.
  8600 | D:8      | 8600 ||| FLEEEEING.
  8601 | D:8      | 8601 ||| FLEEEEING.
  8604 | D:8      | 8604 ||| STAIRDANCE
  8685 | D:7      | 8685 ||| UPGRADING to amulet of the acrobat.
  8710 | D:8      | 8710 ||| STAIRDANCE
  8775 | D:8      | 8775 ||| INVOKING Berserk.
  9117 | D:8      | 9117 ||| READING scroll labelled WOSSUJ VECKYOT.
  9117 | D:8      | Identified a scroll of acquirement
  9117 | D:8      | 9117 ||| ACQUIRING +4 pair of boots of Gekov {Rampage
                  | Stlth+}
  9117 | D:8      | Acquired the +4 pair of boots of Gekov {Rampage Stlth+}
  9119 | D:8      | 9119 ||| UPGRADING to +4 pair of boots of Gekov {Rampage
                  | Stlth+}.
  9129 | D:8      | 9129 ||| DROPPING +0 pair of boots.
  9177 | D:9      | Noticed a +0 hand axe
  9178 | D:9      | Noticed a +0 hand axe
  9179 | D:9      | Found a hide-covered altar of Uskayaw.
  9351 | D:9      | Noticed a troll
  9353 | D:9      | 9353 ||| INVOKING Berserk.
  9356 | D:9      | Killed a troll
  9357 | D:9      | Reached skill level 6 in Armour
  9372 | D:9      | 9372 ||| DRINKING 5 potions of curing.
  9372 | D:9      | 9372 ||| (to cure confusion)
  9375 | D:9      | Reached XP level 10. HP: 77/86 MP: 9/9
  9515 | D:9      | Noticed a centaur warrior
  9516 | D:9      | 9516 ||| Stepping ~*~*~tactically~*~*~ (hiding).
  9523 | D:9      | Killed a centaur warrior
  9524 | D:9      | Reached skill level 9 in Shields
  9526 | D:9      | Reached skill level 13 in Axes
  9590 | D:9      | Noticed a cyclops
  9592 | D:9      | 9592 ||| FLEEEEING.
  9605 | D:9      | 9605 ||| FLEEEEING.
  9622 | D:9      | 9622 ||| INVOKING Berserk.
  9625 | D:9      | Killed a cyclops
  9859 | D:9      | 9859 ||| Stepping ~*~*~tactically~*~*~ (hiding).
 10038 | D:9      | Found Qixeerr's Weapon Emporium.
 10038 | D:9      | Found a staircase to the Orcish Mines.
 10046 | D:9      | Reached **** piety under Trog
 10164 | D:9      | Found a hazy altar of Hepliaklqana.
 10232 | D:9      | 10232 ||| Stepping ~*~*~tactically~*~*~ (hiding).
 10233 | D:9      | 10233 ||| Stepping ~*~*~tactically~*~*~ (hiding).
 10234 | D:9      | 10234 ||| Stepping ~*~*~tactically~*~*~ (hiding).
 10486 | D:9      | Noticed Harold
 10490 | D:9      | 10490 ||| INVOKING Berserk.
 10496 | D:9      | Killed Harold
 10669 | D:9      | Identified the +0 chain mail "Litirgha" {Dex+5}
 10677 | D:9      | 10677 ||| DROPPING +0 chain mail "Litirgha" {Dex+5}.
 10678 | D:9      | 10678 ||| UPGRADING to ring of willpower.
 10679 | D:9      | 10679 ||| READING 3 scrolls labelled KOIDOF OSSOIQ.
 10855 | D:9      | 10855 ||| DROPPING 2 scrolls of torment.
 10900 | D:10     | Entered Level 10 of the Dungeon
 10905 | D:10     | 10905 ||| Stepping ~*~*~tactically~*~*~ (hiding).
 11028 | D:10     | 11028 ||| READING scroll of enchant weapon.
 11028 | D:10     | 11028 ||| ENCHANTING +1 vorpal war axe.
 11073 | D:10     | Found a snail-covered altar of Cheibriados.
 11152 | D:10     | Reached skill level 14 in Axes
 11226 | D:10     | 11226 ||| READING scroll of enchant armour.
 11226 | D:10     | 11226 ||| ENCHANTING +0 plate armour.
 11284 | D:10     | Found a shadowy altar of Dithmenos.
 11686 | D:10     | 11686 ||| READING 2 scrolls of identify.
 11686 | D:10     | 11686 ||| IDENTIFYING lumpy coppery potion
 11687 | D:10     | 11687 ||| DROPPING potion of invisibility.
 11757 | D:11     | 11757 ||| READING 2 scrolls of enchant armour.
 11757 | D:11     | 11757 ||| ENCHANTING +1 plate armour.
 11758 | D:11     | 11758 ||| READING scroll of enchant armour.
 11758 | D:11     | 11758 ||| ENCHANTING +2 plate armour.
 11802 | D:11     | 11802 ||| INVOKING Berserk.
 11953 | D:11     | 11953 ||| INVOKING Berserk.
 12107 | D:11     | Noticed a cyan ugly thing
 12121 | D:11     | 12121 ||| INVOKING Berserk.
 12122 | D:11     | Killed a cyan ugly thing
 12373 | D:11     | Found a staircase to the Lair.
 12386 | D:11     | 12386 ||| INVOKING Berserk.
 12389 | D:11     | Reached XP level 11. HP: 94/94 MP: 10/10
 12551 | D:11     | Noticed Sonja
 12553 | D:11     | 12553 ||| Stepping ~*~*~tactically~*~*~ (stealth).
 12555 | D:11     | Reached skill level 15 in Axes
 12565 | D:11     | 12565 ||| INVOKING Berserk.
 12568 | D:11     | HP: 29/141 [poisoned by Sonja]
 12570 | D:11     | HP: 10/141 [poisoned by Sonja]
 12571 | D:11     | HP: 3/141 [poisoned by Sonja]
 12572 | D:11     | Succumbed to Sonja's poison

Levels and vault maps discovered:
D:1:      tarquinn_simple_flora_water_d, layout_loops_ring,
          shapermc_ecumenical_altar_petra, serial_bayou_pond_c, moated_statue,
          grunt_decor_cap, nicolae_figureground_pulse
D:2:      layout_basic, basic_altar, serial_shops, nicolae_square_shop,
          chequers_serial_rivers_large_b, uniq_natasha
D:3:      layout_basic, bloody_makhleb, nicolae_kikubaaqudgha_miasma_corner,
          minivault_11
D:4:      layout_loops_cross, chequers_temple_overflow_statue_of_worship,
          gammafunk_ghost_stat_death
D:5:      layout_cave_pools, mainiacjoe_overflow_catwalk,
          hangedman_abyss_or_decor_passed, uniq_menkaure, uniq_eustachio,
          uniq_duvessa
D:6:      layout_loops_corners, good_gods_mini_temple, lemuel_crystal_altar
D:7:      layout_cave_pools, minmay_temple_entry_sparse_star,
          ebering_ghost_reflecting_pool, amcnicky_mini_rare_corridor_liquid,
          uniq_maggie
D:8:      layout_cave_pools, xom_redecorated, grunt_ministairs_2
D:9:      minmay_shrinking_squares, layout_layer_cave, kennysheep_little_box,
          dancing_weapons_uskayaw, orc_david_3, uniq_harold
D:10:     layout_basic, slow_altar_1, overflow_temple_1_default
D:11:     layout_roguey, david_lair_shrubbed, uniq_erolcha, uniq_sonja

Skill      XL: |  1  2  3  4  5  6  7  8  9 10 11 |
---------------+----------------------------------+-----
Axes           | 4 5 6 7 9 10 12 14 15 | 15.1
Fighting       | 4 6 7 8 |  8.0
Armour         | 3 4 6 7 |  7.0
Shields        | 8 10 | 10.2
Throwing       | |  0.1
Dodging        | |  2.1

Action                   |  1- 3 |  4- 6 |  7- 9 | 10-12 || total
-------------------------+-------+-------+-------+-------++-------
Melee: Hand axe          |    43 |       |       |       ||    43
       Headbutt          |     7 |     9 |    35 |    16 ||    67
       War axe           |    23 |    90 |   215 |    97 ||   425
Throw: Boomerang         |       |    16 |       |       ||    16
Invok: Berserk           |     2 |     5 |    11 |     7 ||    25
  Use: Scroll            |       |     7 |     7 |     6 ||    20
       Potion            |       |     4 |     3 |       ||     7
Armor: Animal skin       |     6 |       |       |       ||     6
       Ring mail         |    15 |     2 |       |       ||    17
       Chain mail        |       |    20 |    66 |       ||    86
       Plate armour      |       |       |    24 |    53 ||    77
Dodge: Dodged            |    33 |    41 |    62 |    24 ||   160
Block: Kite shield       |       |       |    39 |    42 ||    81

Table legend:
 A = Non-vault XP
 B = Vault XP
 C = Vault XP percentage of total XP
 D = Non-vault monster count
 E = Vault monster count
 F = Vault count percentage of total count
                 A         B        C        D         E       F
            +---------+---------+-------+---------+---------+-------
      Total |    7676 |    4170 |  35.2 |     163 |      21 |  11.4
            +---------+---------+-------+---------+---------+-------
        D:1 |      26 |       0 |   0.0 |      17 |       0 |   0.0
        D:2 |     123 |      35 |  22.2 |      20 |       1 |   4.8
        D:3 |     128 |       0 |   0.0 |      28 |       0 |   0.0
        D:4 |     283 |       0 |   0.0 |       7 |       0 |   0.0
        D:5 |     576 |     586 |  50.4 |      15 |       4 |  21.1
        D:6 |    1262 |       0 |   0.0 |      29 |       0 |   0.0
        D:7 |     609 |     359 |  37.1 |      16 |       1 |   5.9
        D:8 |     927 |     286 |  23.6 |      12 |       2 |  14.3
        D:9 |     834 |    2527 |  75.2 |       8 |      11 |  57.9
       D:10 |     963 |      16 |   1.6 |       5 |       1 |  16.7
       D:11 |    1945 |     361 |  15.7 |       6 |       1 |  14.3
            +---------+---------+-------+---------+---------+-------
